 Dungeon Crawl Stone Soup version 0.27-a0-1312-g5cdb2b3542 (webtiles) character file.

Game seed: 6640671195417019172

91 freelancePsychic the Covered (level 4, -3/37 HPs)
             Began as a Hill Orc Artificer on June 20, 2021.
             Killed from afar by Natasha (7 damage)
             ... with a magic dart
             ... on level 3 of the Dungeon.
             The game lasted 00:05:49 (3285 turns).

freelancePsychic the Covered (Hill Orc Artificer)   Turns: 3285, Time: 00:05:49

Health: -3/37      AC:  3    Str: 15    XL:     4   Next: 59%
Magic:  4/4        EV:  8    Int: 11    God:
Gold:   68         SH:  7    Dex: 11    Spells: 3/3 levels left

rFire    . . .     SeeInvis .   h - +0 war axe
rCold    . . .     Faith    .   o - +0 kite shield
rNeg     . . .     Spirit   .   b - +0 leather armour
rPois    .         Reflect  .   (no helmet)
rElec    .         Harm     .   (no cloak)
rCorr    .         Rampage  .   (no gloves)
Will     .....                  (no boots)
Stlth    +.........             (no amulet)
HPRegen  0.12/turn              (no ring)
MPRegen  0.09/turn              (no ring)

@: no status effects
A: no striking features
a: no special abilities


You were on level 3 of the Dungeon.
You visited 1 branch of the dungeon, and saw 3 of its levels.

You collected 68 gold pieces.

Inventory:

Hand Weapons
 f - a +0 whip
 h - a +0 war axe (weapon)
Missiles
 i - 7 curare-tipped darts
Armour
 b - a +0 leather armour (worn)
 o - a +0 kite shield (worn)
Wands
 c - a wand of flame (12) (quivered)
 d - a wand of charming (15)
Scrolls
 k - a scroll of teleportation {@r4}
 n - a scroll of immolation {unknown}
Potions
 a - 3 potions of heal wounds {unknown}
 g - 4 potions of degeneration {unknown}
 j - a potion of attraction {unknown}
 l - 2 potions of might {unknown}
 m - a potion of invisibility {unknown}
Miscellaneous
 e - a piece from Xom's chessboard (15/15)


   Skills:
 + Level 2.9 Fighting
 * Level 3.1 Axes
 - Level 3.1 Armour
 - Level 0.7 Dodging
 - Level 0.7 Stealth
 + Level 0.6 Shields
 - Level 3.0 Evocations


You had 3 spell levels left.
You didn't know any spells.
Your spell library contained the following spells:

 Spells                   Type           Power      Damage    Failure   Level
 Foxfire                  Conj/Fire      0%         2x1d4     95%         1
 Conjure Flame            Conj/Fire      0%         6-21      100%        3
 Inner Flame              Hex/Fire       0%         N/A       100%        3
 Sticky Flame             Conj/Fire      0%         2d3       100%        4
 Fireball                 Conj/Fire      0%         3d3       100%        5


Dungeon Overview and Level Annotations

Branches:
Dungeon (3/15)

Altars:
Cheibriados
Vehumet

Shops:
D:1 *

Annotations:
D:3 Natasha


Message History

Natasha claws you.
You closely miss Natasha.
Natasha is lightly wounded.
Natasha closely misses you. You block Natasha's attack.
Natasha barely misses you.
You climb downwards.
There is a stone staircase leading up, spattered with blood here.
You barely miss Natasha.
Natasha is lightly wounded.
You block Natasha's attack.
You closely miss Natasha.
Natasha is lightly wounded.
Natasha claws you.
Natasha stares at you and mumbles some strange words.
You resist with some effort.
You completely miss Natasha.
Natasha is lightly wounded.
Natasha claws you.
Natasha casts a spell.
You closely miss Natasha.
Natasha is lightly wounded.
Natasha casts a spell at you. The magic dart hits you.
* * * LOW HITPOINT WARNING * * *
You closely miss Natasha.
Natasha is lightly wounded.
You block Natasha's attack. Natasha barely misses you.
Your shield prevents you from hitting Natasha.
Natasha is lightly wounded.
Natasha claws you.
* * * LOW HITPOINT WARNING * * *
Natasha closely misses you.
Aiming: Throw Flame
Press: ? - help, Q - select action, (/) - cycle Shift-Dir - straight line, f - Natasha
Aim: Natasha (lightly wounded, 64% to hit)
The puff of flame hits Natasha.
Natasha is heavily wounded.
Natasha casts a spell at you. The magic dart hits you!
You die...

.........########################
..####...#...........#...........
....##.#.#.#########.#.#########.
..####.#.#.....#.....#.....#.....
.........#####.#.#########.#.####
..####.#.'.....#...........#.....
..#.##.#.########################
.......'.........h.5.............
.......#....####@#...............
..#.####....# #.#.######...##..#
......####.## #.#.#≈≈≈≈#........
....#.# #.#####.#.'≈⌠>≈#...##...
....#.####.##......'≈._≈#...#.###
.................#.#≈≈≈≈#...#.# #
#...#.####.##.#..#.######...#.# #
....#.####.##.#..#..........#.# #
.................####.#.....#.###


You could see Natasha and a white imp (summoned).

Vanquished Creatures
  Jessica (D:3)
  2 adders
  3 dart slugs
  8 ball pythons
  3 endoplasms
  2 giant cockroaches
  2 hobgoblins
  3 jackals (D:1)
  3 kobolds (D:1)
  2 quokkas
  2 bats (D:1)
  2 frilled lizards
  3 goblins
  6 rats
42 creatures vanquished.

Notes
Turn   | Place    | Note
-------+----------+-------------------------------------------
     0 | D:1      | freelancePsychic the Hill Orc Artificer began the quest for
                  | the Orb.
     0 | D:1      | Reached XP level 1. HP: 16/16 MP: 1/1
   163 | D:1      | Found Jis Fiut's Assorted Antiques.
   179 | D:1      | Reached XP level 2. HP: 19/24 MP: 2/2
   527 | D:1      | Reached skill level 1 in Axes
   811 | D:1      | Reached XP level 3. HP: 25/29 MP: 3/3
  1590 | D:2      | Noticed Natasha
  1892 | D:3      | Found a snail-covered altar of Cheibriados.
  2022 | D:3      | Reached XP level 4. HP: 12/37 MP: 4/4
  2453 | D:3      | Found a faded altar of an unknown god.
  2549 | D:3      | Noticed Jessica
  2557 | D:3      | Killed Jessica
  3038 | D:3      | Found a radiant altar of Vehumet.
  3285 | D:3      | Killed from afar by Natasha

Illustrated notes

Levels and vault maps discovered:
D:1:      ncdulo_smallfort, layout_loops_ring, serial_shops, nicolae_shop_stone
D:2:      layout_basic, serial_shops, shop, minmay_surrounded, uniq_natasha,
          uniq_robin
D:3:      layout_basic, general_overflow_altar, cheibriados_altar_1,
          ebering_ecumenical_altar_webs, roderic_serpentine_path, uniq_jessica

Skill      XL: |  1  2  3  4 |
---------------+-------------+-----
Fighting       | 2 |  2.9
Axes           | 1 2 3 |  3.1
Armour         | 3 |  3.1
Dodging        | |  0.7
Stealth        | |  0.7
Shields        | |  0.6
Evocations     | |  3.0

Action                   |  1- 3 |  4- 6 || total
-------------------------+-------+-------++-------
Melee: Whip              |    23 |       ||    23
       Club              |    10 |       ||    10
       War axe           |    94 |    26 ||   120
Evoke: Wand              |     2 |     1 ||     3
  Use: Scroll            |     1 |       ||     1
 Stab: Sleeping          |     1 |       ||     1
Armor: Leather armour    |    36 |     7 ||    43
Dodge: Dodged            |   101 |    11 ||   112
Block: Kite shield       |       |    14 ||    14

Table legend: (Time is in decaauts)
 A = Elapsed time spent in this place.
 B = Non-inter-level travel time spent in this place.
 C = Inter-level travel time spent in this place.
 D = Time resting spent in this place.
 E = Time spent auto-exploring this place.
 F = Levels seen in this place.
 G = Mean time per level.
                   A        B        C        D        E       F      G
               +--------+--------+--------+--------+--------+-----+--------+
         Total |   3347 |   3268 |     79 |    105 |   2758 |   3 | 1115.7 |
       Dungeon |   3347 |   3268 |     79 |    105 |   2758 |   3 | 1115.7 |
               +--------+--------+--------+--------+--------+-----+--------+

Top non-repeatable levels by time:
     D:3: 1702 daAuts
     D:1: 1063 daAuts
     D:2: 581 daAuts
